 Dungeon Crawl Stone Soup version 0.22.0-38-g04b72b8 (webtiles) character file.

5700 harcile the Cleaver (level 10, -23/72 HPs)
             Began as a Hill Orc Berserker on Aug 29, 2018.
             Was a High Priest of Trog.
             Killed from afar by a wizard (37 damage)
             ... with a stone arrow
             ... on level 2 of the Abyss.
             The game lasted 00:25:08 (7093 turns).

harcile the Cleaver (Hill Orc Berserker)            Turns: 7093, Time: 00:25:09

Health: -23/72     AC: 10    Str: 20    XL:     10   Next: 76%
Magic:  1/10       EV: 14    Int:  3    God:    Trog [*****.]
Gold:   273        SH:  9    Dex: 17    Spells: 9/9 levels left

rFire    . . .     SeeInvis .   F - +0 broad axe
rCold    . . .     Gourm    .   g - +0 buckler
rNeg     . . .     Faith    .   M - +2 chain mail of the Snake Pit {Dex+4}
rPois    .         Spirit   .   E - +0 helmet
rElec    .         Reflect  +   J - +0 cloak
rCorr    .         Harm     .   (no gloves)
MR       .....                  (no boots)
Stlth    ..........             p - +3 amulet of reflection
HPRegen  0.22/turn              G - +3 ring of dexterity
MPRegen  0.12/turn              k - +4 ring of evasion

@: berserk cooldown, slowed, very slow
A: [deformed body], [dopey 2], [frail 2], [weak 2]
a: Berserk, Trog's Hand, Brothers in Arms, Renounce Religion


You were on level 2 of the Abyss.
You worshipped Trog.
Trog was extremely pleased with you.
You were not hungry.

You visited 1 branch of the dungeon, and saw 9 of its levels.
You visited the Abyss 1 time.
You also visited: Sewer.

You collected 491 gold pieces.
You spent 218 gold pieces at shops.

Inventory:

Hand Weapons
 a - a +1 hand axe
 h - a +0 war axe
 t - a +0 war axe
 x - a +4 quarterstaff of chaos
 F - a +0 broad axe (weapon)
 L - a +3 bardiche of protection
 N - a +4 scimitar of freezing
Armour
 b - a +0 animal skin
 g - a +0 buckler (worn)
 w - a +0 chain mail
 y - a +0 cloak
 A - a +0 plate armour
 C - a +1 leather armour of cold resistance
 E - a +0 helmet (worn)
 J - a +0 cloak (worn)
 M - the +2 chain mail of the Snake Pit (worn) {Dex+4}
   (You bought it in a shop on level 8 of the Dungeon)

   It affects your dexterity (+4).
Jewellery
 f - an uncursed ring of positive energy
 k - a +4 ring of evasion (right hand)
 p - a +3 amulet of reflection (around neck)
 q - a +4 ring of intelligence
 r - an uncursed amulet of harm
 G - a +3 ring of dexterity (left hand)
Wands
 D - a wand of digging (9)
 O - a wand of random effects (25)
Scrolls
 e - 3 scrolls of magic mapping
 j - 4 scrolls of identify
 u - 2 scrolls of blinking
 H - 3 scrolls of remove curse
 I - a scroll of fear
Potions
 d - 3 potions of brilliance
 i - 2 potions of heal wounds
 l - 3 potions of berserk rage
 m - a potion of might
 n - 3 potions of curing {unknown}
 o - 3 potions of cancellation {unknown}
 s - a potion of ambrosia {unknown}
 v - a potion of degeneration {unknown}
 K - a potion of agility {unknown}
Comestibles
 c - 11 rations


   Skills:
 + Level 8.9 Fighting
 + Level 13.7 Axes
 + Level 6.5 Armour
 + Level 4.5 Dodging
 + Level 1.8 Stealth
 + Level 5.5 Shields


You had 9 spell levels left.
You didn't know any spells.
Your spell library was empty.

Dungeon Overview and Level Annotations

Branches:
Dungeon (9/15)             Temple (0/1) D:5
   Lair: D:8-11         Orc: D:9-12

Altars:
Gozag
Ru
Trog
Uskayaw
Xom

Shops:
D:8 [

Annotations:
D:9 Erolcha


Innate Abilities, Weirdness & Mutations

[Armour fits poorly on your strangely shaped body.]
[You are very dopey. (Int -4)]
[You are very frail. (-20% HP)]
[You are very weak. (Str -4)]


Message History

You feel your power leaking away. Something hits you but does no damage.
You hit something but do no damage. Something hits you but does no damage.
The eye of draining gazes at you.
You feel your power leaking away.
You closely miss something. Something hits you but does no damage.
You closely miss something. Something hits you.
* * * LOW HITPOINT WARNING * * *
The eye of draining gazes at you.
You feel your power leaking away. Something hits you but does no damage.
Your chain mail of the Snake Pit prevents you from hitting something.
Something hits you but does no damage. The eye of draining gazes at you.
You miss something.
You hear some strange, mumbled words.
A stone arrow appears from out of thin air!
The stone arrow hits you!
Ouch! That really hurt!
You die...

..# . .... ..
.... #.. #
....#
....#.####...#
...
.G#.#.#..#.
#{..#.....
#..#@.......
#.##..... .
### ..#. . .
.. .


You could see an eye of draining.

Vanquished Creatures
  A wretched star (Abyss:1)
  Maurice (D:8)
  A hippogriff (D:7)
  3 flying skulls (Abyss:1)
  A wyvern (D:8)
  A hungry ghost (D:7)
  A hornet zombie (D:7)
  An orc warrior (D:6)
  3 ice beasts
  3 sky beasts
  Purgy (Sewer)
  A black bear (D:7)
  4 phantoms
  An ogre (D:8)
  A centaur (D:7)
  A bullfrog (D:7)
  2 gnoll sergeants
  4 scorpions
  6 killer bees (D:8)
  A water moccasin skeleton (D:6)
  3 wights (D:9)
  2 bullfrog zombies
  2 centaur zombies
  7 crimson imps
  4 orc priests
  8 orc wizards
  2 centaur skeletons
  2 hounds
  A jelly (D:9)
  Crazy Yiuf (D:3)
  5 iguanas
  A bullfrog skeleton (D:7)
  5 worker ants
  A hound zombie (D:8)
  18 gnolls
  10 adders
  A shadow imp (D:6)
  2 oozes
  An adder skeleton (D:4)
  An adder zombie (D:8)
  9 worms
  A dart slug (D:2)
  7 leopard geckos
  34 orcs
  A ball python (D:4)
  5 bats
  3 giant cockroaches
  8 hobgoblins
  13 jackals
  10 quokkas
  5 frilled lizards
  6 goblins
  A jackal skeleton (D:7)
  A jackal zombie (D:7)
  8 kobolds
  2 quokka skeletons
  A quokka zombie (D:5)
  3 rats
233 creatures vanquished.

Notes
Turn   | Place    | Note
-------+----------+-------------------------------------------
     0 | D:1      | harcile the Hill Orc Berserker began the quest for the Orb.
     0 | D:1      | Reached XP level 1. HP: 19/19 MP: 1/1
     1 | D:1      | Noticed an electric eel
   127 | D:1      | Reached XP level 2. HP: 22/27 MP: 2/2
   411 | D:2      | Reached skill level 5 in Axes
   421 | D:2      | Reached XP level 3. HP: 17/33 MP: 3/3
  1063 | D:2      | Reached ** piety under Trog
  1095 | D:2      | Reached XP level 4. HP: 26/41 MP: 4/4
  1772 | D:3      | Found a hide-covered altar of Uskayaw.
  2365 | D:3      | Found a runed door.
  2428 | D:3      | Noticed Crazy Yiuf
  2433 | D:3      | Killed Crazy Yiuf
  2433 | D:3      | Reached skill level 1 in Stealth
  2433 | D:3      | Reached XP level 5. HP: 47/47 MP: 5/5
  2631 | D:3      | Noticed a moth of wrath
  2663 | D:3      | Found a bloodstained altar of Trog.
  2832 | D:4      | Reached skill level 6 in Axes
  2835 | D:4      | Reached XP level 6. HP: 55/55 MP: 6/6
  2872 | D:4      | Reached skill level 5 in Fighting
  2954 | D:4      | Reached *** piety under Trog
  3322 | D:5      | Entered Level 5 of the Dungeon
  3407 | D:5      | Reached skill level 7 in Axes
  3632 | D:5      | Found a staircase to the Ecumenical Temple.
  3648 | D:5      | Reached XP level 7. HP: 61/62 MP: 7/7
  4436 | D:6      | Reached skill level 8 in Axes
  4552 | D:6      | Found a glowing drain.
  4590 | Sewer    | Entered a sewer
  4596 | Sewer    | Reached **** piety under Trog
  4680 | Sewer    | Noticed Purgy
  4686 | Sewer    | Killed Purgy
  4686 | Sewer    | Reached skill level 1 in Shields
  4686 | Sewer    | Reached XP level 8. HP: 62/70 MP: 8/8
  4839 | D:6      | Reached skill level 9 in Axes
  5022 | D:6      | Reached skill level 5 in Armour
  5343 | D:7      | Noticed a hippogriff
  5347 | D:7      | Reached skill level 10 in Axes
  5347 | D:7      | Reached XP level 9. HP: 79/79 MP: 9/9
  5370 | D:7      | Reached skill level 11 in Axes
  5787 | D:8      | Reached ***** piety under Trog
  5889 | D:8      | Noticed Maurice
  5900 | D:8      | Killed Maurice
  5900 | D:8      | Reached skill level 12 in Axes
  5900 | D:8      | Reached XP level 10. HP: 88/88 MP: 10/10
  6128 | D:8      | Found a sacrificial altar of Ru.
  6187 | D:8      | Found an opulent altar of Gozag.
  6301 | D:8      | Received a gift from Trog
  6369 | D:8      | Reached skill level 13 in Axes
  6373 | D:8      | Found Vied's Antique Armour Boutique.
  6379 | D:8      | Bought a warped chain mail for 218 gold pieces
  6389 | D:8      | Identified the +2 chain mail of the Snake Pit {Dex+4} (You bought it in a shop on level 8 of the Dungeon)
  6820 | D:9      | Reached skill level 5 in Shields
  6859 | D:9      | Found a shimmering altar of Xom.
  6909 | D:9      | Noticed Erolcha
  6913 | D:9      | Cast into level 1 of the Abyss (Erolcha)
  6979 | Abyss:1  | Noticed a wretched star
  6997 | Abyss:1  | Killed a wretched star
  7031 | Abyss:1  | Noticed a sixfirhy
  7031 | Abyss:1  | Noticed a wretched star
  7064 | Abyss:2  | Noticed a wizard
  7093 | Abyss:2  | Killed from afar by a wizard

Skill      XL: |  1  2  3  4  5  6  7  8  9 10 |
---------------+-------------------------------+-----
Fighting       | 4 5 6 7 8 |  8.9
Axes           | 5 6 7 8 10 12 13 | 13.7
Dodging        | 2 3 4 |  4.5
Stealth        | 1 |  1.8
Armour         | 3 4 5 6 |  6.5
Shields        | 1 2 4 5 |  5.5

Action                   |  1- 3 |  4- 6 |  7- 9 | 10-12 || total
-------------------------+-------+-------+-------+-------++-------
Melee: Hand axe          |    88 |   221 |   263 |       ||   572
       War axe           |       |       |    11 |       ||    11
       Broad axe         |       |       |   127 |   166 ||   293
       Bardiche          |       |       |       |    27 ||    27
Invok: Berserk           |     3 |     9 |     7 |     5 ||    24
  Use: Scroll            |       |    14 |     3 |       ||    17
       Potion            |       |       |     1 |     1 ||     2
 Stab: Sleeping          |       |     2 |       |       ||     2
  Eat: Chunk             |     3 |    16 |    13 |     8 ||    40
       Ration            |       |       |     1 |     1 ||     2
Armor: Animal skin       |    20 |     8 |       |       ||    28
       Chain mail        |       |    65 |    79 |    44 ||   188
       Leather armour    |       |       |    24 |     6 ||    30
       Plate armour      |       |       |       |    17 ||    17
Dodge: Dodged            |    64 |   119 |   191 |    88 ||   462
Block: Buckler           |       |       |   131 |    58 ||   189
       Other             |       |       |     2 |     1 ||     3
       Reflection        |       |       |     3 |     2 ||     5
